 Dungeon Crawl Stone Soup version 0.29.1-2-gbd0b4ee654 (webtiles) character file.

Game seed: 11402446942321523350

217 zeram the Shield-Bearer (level 5, -2/47 HPs)
             Began as a Gnoll Fighter on Nov 7, 2022.
             Succumbed to an orc wizard's poison
             ... on level 4 of the Dungeon.
             The game lasted 00:06:37 (3227 turns).

zeram the Shield-Bearer (Gnoll Fighter)             Turns: 3227, Time: 00:06:37

Health: -2/47      AC: 11    Str: 16    XL:     5   Next: 94%
Magic:  7/7        EV:  9    Int:  9    God:
Gold:   126        SH:  0    Dex: 11    Spells: 7/7 levels left

rFire   . . .      SeeInvis .   a - +0 war axe
rCold   . . .      Faith    .   c - +0 buckler
rNeg    . . .      Spirit   .   b - +0 scale mail
rPois   .          Reflect  .   h - +0 helmet
rElec   .          Harm     .   f - +1 cloak
rCorr   .          Rampage  .   (no gloves)
Will    .....                   (no boots)
Stlth   ..........              (no amulet)
HPRegen 0.15/turn               (no ring)
MPRegen 0.10/turn               (no ring)

@: confused, lethally poisoned (-2 -> -14)
A: fangs 1, strong nose, distributed training
a: no special abilities


You were on level 4 of the Dungeon.
You visited 1 branch of the dungeon, and saw 4 of its levels.

You collected 126 gold pieces.

Inventory:

Hand Weapons
 a - a +0 war axe (weapon)
Armour
 b - a +0 scale mail (worn)
 c - a +0 buckler (worn)
 f - a +1 cloak (worn)
 h - a +0 helmet (worn)
Wands
 e - a wand of acid (8)
 g - a wand of roots (4)
 l - a wand of digging (4)
Scrolls
 j - a scroll of teleportation
 k - a scroll of identify
Potions
 d - 2 potions of might


   Skills:
 + Level 6.8 Fighting
 + Level 1.8 Short Blades
 + Level 1.8 Long Blades
 + Level 4.9 Axes
 + Level 1.8 Maces & Flails
 + Level 1.8 Polearms
 + Level 1.8 Staves
 + Level 1.8 Ranged Weapons
 + Level 1.8 Throwing
 + Level 6.8 Armour
 + Level 1.8 Dodging
 + Level 1.8 Stealth
 + Level 6.8 Shields
 + Level 1.8 Unarmed Combat
 + Level 1.8 Spellcasting
 + Level 1.4 Conjurations
 + Level 1.4 Hexes
 + Level 1.4 Summonings
 + Level 1.4 Necromancy
 + Level 1.4 Translocations
 + Level 1.4 Transmutations
 + Level 1.4 Fire Magic
 + Level 1.4 Ice Magic
 + Level 1.4 Air Magic
 + Level 1.4 Earth Magic
 + Level 1.4 Poison Magic
 + Level 2.0 Invocations
 + Level 1.8 Evocations


You had 7 spell levels left.
You didn't know any spells.
Your spell library was empty.

Dungeon Overview and Level Annotations

Branches:
Dungeon (4/15)
 Temple: D:4-7

Altars:
Elyvilon
Makhleb
Okawaru


Innate Abilities, Weirdness & Mutations

You have very sharp teeth.
Your uncanny sense of smell can sniff out nearby items.
Your experience applies equally to all skills.


Message History

You resist with some effort. Something hits you but does no damage.
The orc hits you but does no damage.
You feel better. Something hits you but does no damage.
The orc hits you but does no damage.
The orc wizard hits you with a +0 dagger of venom.
* * * LOW HITPOINT WARNING * * *
The orc closely misses you. The orc wizard completely misses you.
You block something's attack.
There is a stone staircase leading up here.
The orc wizard gestures at you while chanting.
You are confused.
Something hits you.
* * * LOW HITPOINT WARNING * * *
In your confused state, you trip and fall back down the stairs.
* * * LOW HITPOINT WARNING * * *
Something hits you but does no damage.
The orc wizard points at you and mumbles some strange words.
You resist with some effort.
You're too confused to move!
The orc wizard hits you with a +0 dagger of venom.
* * * LOW HITPOINT WARNING * * *
You are lethally poisoned!
The orc closely misses you. Something completely misses you.
The orc hits you but does no damage.
Unknown command.
It was a potion of magic.
Magic courses through your body.
* * * LOW HITPOINT WARNING * * *
You feel sick. The orc hits you but does no damage.
The orc wizard hits you but does no damage.
You are more poisoned.
Something hits you but does no damage. The orc hits you but does no damage.
You barely miss the orc. You miss the orc. You miss something.
You slash the orc wizard!
You kill the orc wizard!
* * * LOW HITPOINT WARNING * * *
You feel very sick. Something hits you but does no damage.
The orc hits you but does no damage. x2
Your Invocations skill increases to level 2!
You closely miss something. You closely miss the orc. You hit the orc.
You die...

.... #... #..#
#..# #..# #.
#####..# ##...
##......##.....
......o@.......
......{o)......
#######........
#........
#........
#..###### ...#
...# ...#


You could see 2 orcs.

Vanquished Creatures
  An orc priest (D:3)
  Ijyb (D:3)
  2 orc wizards
  Robin (D:3)
  An adder (D:2)
  2 worms
  A dart slug (D:3)
  3 orcs
  6 bats
  2 endoplasms (D:2)
  2 giant cockroaches
  16 goblins
  9 hobgoblins
  2 jackals (D:3)
  2 quokkas (D:3)
  6 ball pythons
  3 frilled lizards
  13 kobolds
  3 rats (D:1)
76 creatures vanquished.

Notes
Turn   | Place    | Note
-------+----------+-------------------------------------------
     0 | D:1      | zeram the Gnoll Fighter began the quest for the Orb.
     0 | D:1      | Reached XP level 1. HP: 23/23 MP: 1/1
    97 | D:1      | Reached XP level 2. HP: 29/29 MP: 2/2
   650 | D:1      | Found a faded altar of an unknown god.
   664 | D:1      | Reached XP level 3. HP: 32/35 MP: 3/3
  1029 | D:2      | Reached skill level 1 in Invocations
  1481 | D:2      | Reached skill level 1 in Short Blades
  1481 | D:2      | Reached skill level 1 in Long Blades
  1481 | D:2      | Reached skill level 1 in Maces & Flails
  1481 | D:2      | Reached skill level 1 in Polearms
  1481 | D:2      | Reached skill level 1 in Staves
  1481 | D:2      | Reached skill level 1 in Ranged Weapons
  1481 | D:2      | Reached skill level 1 in Throwing
  1481 | D:2      | Reached skill level 1 in Dodging
  1481 | D:2      | Reached skill level 1 in Stealth
  1481 | D:2      | Reached skill level 1 in Unarmed Combat
  1481 | D:2      | Reached skill level 1 in Spellcasting
  1481 | D:2      | Reached skill level 1 in Evocations
  1540 | D:2      | Reached XP level 4. HP: 41/41 MP: 5/5
  1710 | D:3      | Found an iron altar of Okawaru.
  1710 | D:3      | Found a burning altar of Makhleb.
  1710 | D:3      | Found a white marble altar of Elyvilon.
  1734 | D:3      | Noticed Robin
  1767 | D:3      | Killed Robin
  1768 | D:3      | Reached skill level 1 in Conjurations
  1768 | D:3      | Reached skill level 1 in Hexes
  1768 | D:3      | Reached skill level 1 in Summonings
  1768 | D:3      | Reached skill level 1 in Necromancy
  1768 | D:3      | Reached skill level 1 in Translocations
  1768 | D:3      | Reached skill level 1 in Transmutations
  1768 | D:3      | Reached skill level 1 in Fire Magic
  1768 | D:3      | Reached skill level 1 in Ice Magic
  1768 | D:3      | Reached skill level 1 in Air Magic
  1768 | D:3      | Reached skill level 1 in Earth Magic
  1768 | D:3      | Reached skill level 1 in Poison Magic
  2188 | D:3      | Reached XP level 5. HP: 20/47 MP: 5/7
  2905 | D:3      | Noticed Ijyb
  2916 | D:3      | Killed Ijyb
  3226 | D:4      | HP: 1/47 [poisoned by an orc wizard]
  3227 | D:4      | Succumbed to an orc wizard's poison

Illustrated notes

Levels and vault maps discovered:
D:1:      giann_forest_graveyard, layout_basic, basic_ecumenical_altar
D:2:      layout_basic
D:3:      layout_basic, gammafunk_temple_overflow_claw,
          chequers_serial_rivers_micro_e, grunt_decor_resistance, uniq_robin,
          uniq_ijyb
D:4:      layout_layer_cave, kennysheep_slug_shrine, serial_rivers,
          chequers_serial_rivers_large_b, chequers_serial_rivers_small_a,
          chequers_serial_rivers_small_3, chequers_serial_rivers_small_a,
          chequers_serial_rivers_room_a, chequers_serial_rivers_micro_c,
          serial_shops, nicolae_shop_statue_plus, minmay_tree_intersection

Skill      XL: |  1  2  3  4  5 |
---------------+----------------+-----
Invocations    | 1 2 |  2.0
Short Blades   | 1 |  1.8
Long Blades    | 1 |  1.8
Maces & Flails | 1 |  1.8
Polearms       | 1 |  1.8
Staves         | 1 |  1.8
Ranged Weapons | 1 |  1.8
Throwing       | 1 |  1.8
Dodging        | 1 |  1.8
Stealth        | 1 |  1.8
Unarmed Combat | 1 |  1.8
Spellcasting   | 1 |  1.8
Evocations     | 1 |  1.8
Conjurations   | 1 |  1.4
Hexes          | 1 |  1.4
Summonings     | 1 |  1.4
Necromancy     | 1 |  1.4
Translocations | 1 |  1.4
Transmutations | 1 |  1.4
Fire Magic     | 1 |  1.4
Ice Magic      | 1 |  1.4
Air Magic      | 1 |  1.4
Earth Magic    | 1 |  1.4
Poison Magic   | 1 |  1.4
Fighting       | |  6.8
Axes           | |  4.9
Armour         | |  6.8
Shields        | |  6.8

Action                   |  1- 3 |  4- 6 || total
-------------------------+-------+-------++-------
Melee: War axe           |    96 |   101 ||   197
       Bite              |     5 |    11 ||    16
  Use: Scroll            |     5 |     2 ||     7
       Potion            |       |     3 ||     3
Armor: Scale mail        |    48 |    93 ||   141
Dodge: Dodged            |    49 |    53 ||   102
Block: Buckler           |    21 |    32 ||    53
